 Dungeon Sprint DCSS version 0.20.1-1-g8b1a95d (console) character file.

8 hilaritas the Ducker (level 2, -12/18 HPs)
             Began as a Deep Elf Fire Elementalist on Mar 6, 2018.
             Was an Initiate of Vehumet.
             Mangled by a naga
             ... wielding a +0 long sword
              (18 damage)
             ... in the Dungeon (Sprint V: "Ziggurat Sprint").
             The game lasted 00:01:33 (77 turns).

hilaritas the Ducker (Deep Elf Fire Elementalist)     Turns: 77, Time: 00:01:33

Health: -12/18     AC:  2    Str:  5    XL:     2   Next: 0%
Magic:  1/8        EV: 12    Int: 19    God:    Vehumet [......]
Gold:   0          SH:  8    Dex: 15    Spells: 6/7 levels left

rFire    . . .     SeeInvis .   E - staff of energy
rCold    . . .     Gourm    .   k - +3 buckler
rNeg     . . .     Faith    .   a - +0 robe
rPois    .         Spirit   .   (no helmet)
rElec    .         Reflect  .   (no cloak)
rCorr    .         Harm     .   (no gloves)
MR       .....     NoTele   +   (no boots)
Stlth    ++........             (no amulet)
Regen    0.1/turn               (no ring)
MPRegen  0.2/turn               (no ring)

@: very slightly contaminated, constricted
A: no striking features
a: Renounce Religion


You were in the Dungeon.
You worshipped Vehumet.
Vehumet was noncommittal.
You were not hungry.

You visited 1 branch

Inventory:

Hand Weapons
 N - a +5 quick blade
Armour
 a - a +0 robe (worn)
 j - +5 ice dragon scales
 k - a +3 buckler (worn)
Magical Staves
 E - an uncursed staff of energy (weapon)
Jewellery
 F - a +6 ring of dexterity
 G - a +6 ring of dexterity
 H - a +6 ring of intelligence
 I - a +6 ring of intelligence
 J - a +6 ring of strength
 K - a +6 ring of strength
 L - an uncursed ring of flight
Wands
 y - a wand of disintegration (7/24)
 B - a wand of iceblast (5/15)
 C - a wand of lightning (5/15)
 D - a wand of acid (5/15)
Scrolls
 i - 4 scrolls of blinking
 r - 4 scrolls of amnesia
 s - 3 scrolls of recharging
 t - 7 scrolls of fog
 u - a scroll of holy word
 v - 5 scrolls of identify
 w - 5 scrolls of remove curse
 x - 2 scrolls of fear
Potions
 d - 8 potions of curing
 e - 10 potions of heal wounds
 f - 6 potions of haste
 g - 7 potions of magic
 h - 3 potions of berserk rage
 l - 2 potions of brilliance
 m - 2 potions of invisibility
 n - 4 potions of resistance
 p - 5 potions of agility
 q - 5 potions of might
Books
 b - a book of Flames

   Spells                             Type                      Level
   a - Flame Tongue                   Conjuration/Fire             1
   b - Throw Flame                    Conjuration/Fire             2
   c - Conjure Flame                  Conjuration/Fire             3
   d - Inner Flame                    Hexes/Fire                   3
   e - Sticky Flame                   Conjuration/Fire             4
   f - Fireball                       Conjuration/Fire             5
Miscellaneous
 M - a lightning rod (4/4)
Comestibles
 c - 5 bread rations
 z - 42 fruits
 A - 4 meat rations


   Skills:
 - Level 2.6 Fighting
 - Level 5.0 Dodging
 - Level 2.4 Stealth
 - Level 4.2 Shields
 - Level 3.0 Spellcasting
 * Level 1.1 Conjurations
 + Level 3.2 Fire Magic


You had 6 spell levels left.
You knew the following spells:

 Your Spells              Type           Power        Failure   Level  Hunger
a - Flame Tongue          Conj/Fire      ##...        6%          1    None


Dungeon Overview and Level Annotations

Branches:
Dungeon (1/1)

Altars:
Ashenzari
Cheibriados
Dithmenos
Elyvilon
Fedhas
Gozag
Hepliaklqana
Kikubaaqudgha
Makhleb
Nemelex Xobeh
Okawaru
Qazlal
Ru
Sif Muna
Trog
Uskayaw
Vehumet
Xom
Yredelemnul
Zin
The Shining One
Beogh
Jiyva
Lugonu

Annotations:
D 1 transporter


Message History

The naga is heavily wounded.
You block the ball python's attack. The ball python constricts you.
The naga spits poison at you. You block the splash of poison.
The ball python barely misses you. The ball python constricts you.
Unknown command.
You feel better. The naga hits you with a long sword!
Ouch! That really hurt!
The ball python closely misses you. The ball python constricts you.
Casting: Flame Tongue
Confirm with . or Enter, or press ? or * to list all spells.
Aiming: Flame Tongue
Press: ? - help, Shift-Dir - straight line, f/p - naga
Aim: a naga, wielding a long sword and wearing a robe (heavily wounded, catching its breath)
The flame tongue hits the naga.
The naga appears unharmed.
The naga is heavily wounded.
The ball python closely misses you. The ball python constricts you.
The naga hits you with a long sword!!
Ouch! That really hurt!
You die...

▓▓▓▓▓▓▓
▓.8©8.▓
▓.....▓
▓.|.}.▓
▓.....▓
▓.NS..▓
▓..@..▓
▓▓▓▓▓▓▓


You could see a naga and a ball python.

Vanquished Creatures (others)
  A spatial maelstrom (D)
1 creature vanquished.

Notes
Turn   | Place    | Note
-------+----------+-------------------------------------------
     0 | D        | hilaritas the Deep Elf Fire Elementalist began the quest for the Orb.
     0 | D        | Reached XP level 1. HP: 10/10 MP: 6/6
     2 | D        | Banished a spatial maelstrom
     3 | D        | Found a blossoming altar of Fedhas.
     5 | D        | Found a viscous altar of Jiyva.
     5 | D        | Found a hazy altar of Hepliaklqana.
     5 | D        | Found a transporter.
     5 | D        | Found an opulent altar of Gozag.
     5 | D        | Found an ancient bone altar of Kikubaaqudgha.
     5 | D        | Found a corrupted altar of Lugonu.
     8 | D        | Found a deep blue altar of Sif Muna.
     8 | D        | Found a sacrificial altar of Ru.
     8 | D        | Found a bloodstained altar of Trog.
     8 | D        | Found a stormy altar of Qazlal.
     8 | D        | Found an iron altar of Okawaru.
     8 | D        | Found a sparkling altar of Nemelex Xobeh.
    10 | D        | Found a burning altar of Makhleb.
    52 | D        | Became a worshipper of Vehumet
    55 | D        | Reached skill level 5 in Dodging
    55 | D        | Reached XP level 2. HP: 18/18 MP: 8/8
    68 | D        | Entered arena 2.
    68 | D        | Noticed a naga
    68 | D        | Found a transporter.
    77 | D        | Mangled by a naga

Skill      XL: |  1 |
---------------+----+-----
Fighting       | 2 |  2.6
Dodging        | 5 |  5.0
Shields        | 4 |  4.2
Stealth        | |  2.4
Spellcasting   | |  3.0
Conjurations   | |  1.1
Fire Magic     | |  3.2

Action                   || total
-------------------------++-------
 Cast: Flame Tongue      ||     6
  Use: Potion            ||     3
Dodge: Dodged            ||     6
Block: Buckler           ||     4
